 Dungeon Crawl Stone Soup version 0.28.0-47-ge53b351184 (webtiles) character file.

Game seed: 3860435413348972331

166 Hubjo the Digger (level 5, -1/31 HPs)
             Began as a Gargoyle Earth Elementalist on Apr 29, 2022.
             Slain by an ogre
             ... wielding a +0 giant club
              (12 damage)
             ... on level 3 of the Dungeon.
             The game lasted 00:03:35 (2346 turns).

Hubjo the Digger (Gargoyle Earth Elementalist)      Turns: 2346, Time: 00:03:37

Health: -1/31      AC: 11    Str: 12    XL:     5   Next: 47%
Magic:  6/9        EV: 12    Int: 15    God:
Gold:   99         SH:  0    Dex: 12    Spells: 6/10 levels left

rFire   . . .      SeeInvis .   g - +0 dagger
rCold   . . .      Faith    .   (no shield)
rNeg    + . .      Spirit   .   b - +0 robe
rPois   ∞          Reflect  .   (no helmet)
rElec   +          Harm     .   (no cloak)
rCorr   .          Rampage  .   i - +0 pair of gloves
Will    +....                   (no boots)
Stlth   ++........              (no amulet)
HPRegen 0.10/turn               c - ring of willpower
MPRegen 0.11/turn               l - +4 ring of protection

@: no status effects
A: sickness immunity, AC +4, negative energy resistance 1, electricity
resistance, torment resistance 1, petrification resistance
a: no special abilities


You were on level 3 of the Dungeon.
You visited 1 branch of the dungeon, and saw 3 of its levels.

You collected 99 gold pieces.

Inventory:

Hand Weapons
 g - a +0 dagger (weapon)
Missiles
 k - 20 stones
Armour
 b - a +0 robe (worn)
 i - a +0 pair of gloves (worn)
Jewellery
 c - a ring of willpower (left hand)
 l - a +4 ring of protection (right hand)
Scrolls
 a - a scroll of holy word {unknown}
 e - a scroll of magic mapping {unknown}
 j - a scroll of noise {unknown}
 m - a scroll of silence {unknown}
 n - a scroll of fog {unknown}
 o - a scroll of summoning {unknown}
Potions
 d - 2 potions of heal wounds {unknown}
 f - 2 potions of mutation {unknown}
 h - 3 potions of curing {unknown}
 p - a potion of degeneration {unknown}


   Skills:
 + Level 2.6 Fighting
 - Level 1.5 Dodging
 + Level 2.5 Stealth
 + Level 3.3 Spellcasting
 - Level 0.7 Transmutations
 * Level 5.1 Earth Magic


You had 6 spell levels left.
You knew the following spells:

 Your Spells              Type           Power      Damage    Failure   Level
a - Sandblast             Erth           36%        2d10      2%          1
b - Stone Arrow           Conj/Erth      20%        3d8       21%         3

Your spell library contained the following spells:

 Spells                   Type           Power      Damage    Failure   Level
 Passwall                 Tmut/Erth      9%         N/A       9%          2
 Petrify                  Tmut/Erth      11%        N/A       50%         4


Dungeon Overview and Level Annotations

Branches:
Dungeon (3/15)

Altars:
Makhleb


Innate Abilities, Weirdness & Mutations

You are immune to sickness and miasma.
Your stone body is resilient. (AC +4)
You are immune to poison.
You resist negative energy. (rN+)
You are resistant to electric shocks. (rElec)
You are resistant to unholy torment.
You are immune to petrification.


Message History

The blast of sand hits the endoplasm!
You kill the endoplasm!
The kobold throws a poisoned dart.
The poisoned dart hits you!
You can't see any susceptible monsters within range! (Use Z to cast anyway.)
You can't see any susceptible monsters within range! (Use Z to cast anyway.)
The kobold throws a poisoned dart.
The poisoned dart closely misses you.
The blast of sand hits the kobold!
You kill the kobold!
Found 16 gold pieces.
Found a stone staircase leading up.
The blast of sand hits the rat!
You kill the rat!
Casting: Sandblast (safe; 2% risk of failure)
Confirm with . or Enter, or press ? or * to list all spells.
You can't see any susceptible monsters within range! (Use Z to cast anyway.) Unknown command.
Things that are here:
a +0 short sword; 3 poisoned darts You now have 99 gold pieces (gained 16).
There is a stone staircase leading up here.
Things that are here:
a +0 short sword; 3 poisoned darts An ogre comes into view.
It is wielding a +0 giant club.
An ogre is nearby!
An ogre is nearby!
An ogre is nearby!
The helpless ogre fails to defend itself.
You puncture the ogre!
The ogre is moderately wounded.
The ogre hits you with a +0 giant club!!
Ouch! That really hurt!
Casting: Sandblast (safe; 2% risk of failure)
Confirm with . or Enter, or press ? or * to list all spells.
The spell is quite dangerous to miscast (21% risk of failure)!
Continue anyway?
Aiming: Stone Arrow (quite dangerous; 21% risk of failure)
Press: ? - help, Shift-Dir - straight line, f - ogre
Aim: an ogre, wielding a +0 giant club (moderately wounded, 85% to hit)
The stone arrow hits the ogre!
The ogre is heavily wounded.
The ogre hits you with a +0 giant club!
You die...

.....#####.##.#.####..####
....## #....#.# #.....#
.....#####...##)#
#.###...#
#..#.##....#..#.# #.# #..
#.......#####.#.####.### .
..#..##.# ##...##.....#
..##....####.....#.....#
.#####..#....###.#.....#
.# .# #..#.#### #@#.....#
.# .# #....# #O......#####
##.# ## ##....###
##..........###...
###.....).##
#.########..##...
###...##.....####...#
##..#... #...########...#
##..# ####..... #<###
##..## #... #........ ...#
#...######.##.###.... ...#
##............# ##...


You could see an ogre.

Vanquished Creatures
  A hound (D:3)
  Natasha (twice) (D:3)
  4 adders
  2 worms (D:3)
  2 dart slugs
  4 endoplasms
  2 giant cockroaches
  3 goblins
  3 hobgoblins (D:1)
  2 jackals (D:3)
  5 kobolds
  4 quokkas
  A ball python (D:1)
  A bat (D:3)
  4 frilled lizards
  3 rats
43 creatures vanquished.

Notes
Turn   | Place    | Note
-------+----------+-------------------------------------------
     0 | D:1      | Hubjo the Gargoyle Earth Elementalist began the quest for
                  | the Orb.
     0 | D:1      | Reached XP level 1. HP: 10/10 MP: 3/3
   175 | D:1      | Reached XP level 2. HP: 16/16 MP: 3/5
   179 | D:1      | Reached skill level 1 in Fighting
   180 | D:1      | Reached skill level 4 in Earth Magic
   966 | D:2      | Found a burning altar of Makhleb.
  1012 | D:2      | Reached XP level 3. HP: 11/20 MP: 1/6
  1163 | D:2      | You fall into a shaft and drop 1 floor!
  1906 | D:3      | Reached XP level 4. HP: 26/26 MP: 3/7
  1967 | D:3      | Noticed Natasha
  1980 | D:3      | Killed Natasha
  2152 | D:3      | Reached skill level 5 in Earth Magic
  2152 | D:3      | Reached XP level 5. HP: 31/31 MP: 4/9
  2223 | D:3      | Noticed Natasha
  2227 | D:3      | Killed Natasha
  2232 | D:3      | Learned a level 3 spell: Stone Arrow
  2342 | D:3      | Noticed an ogre
  2346 | D:3      | Slain by an ogre

Illustrated notes

Levels and vault maps discovered:
D:1:      dpeg_arrival_tiny_a, layout_basic
D:2:      layout_rooms, basic_altar
D:3:      layout_rooms, uniq_natasha

Skill      XL: |  1  2  3  4 |
---------------+-------------+-----
Fighting       | 1 2 |  2.6
Earth Magic    | 4 5 |  5.1
Spellcasting   | 3 |  3.3
Dodging        | |  1.5
Stealth        | |  2.5
Transmutations | |  0.7

Action                   |  1- 3 |  4- 6 || total
-------------------------+-------+-------++-------
Melee: Unarmed           |     7 |       ||     7
       Dagger            |    64 |    19 ||    83
 Cast: Sandblast         |    36 |    19 ||    55
       Stone Arrow       |       |     1 ||     1
 Stab: Sleeping          |       |     1 ||     1
Armor: Robe              |    34 |    10 ||    44
Dodge: Dodged            |    63 |    15 ||    78
